 Dungeon Crawl Stone Soup version 0.32-a0-913-g739538afd8 (webtiles) character file.

Game seed: 8128317558547495871

2203453 EnegeticOcto the Coglin Aeon (level 27, 246/246 HPs)
             Began as a Coglin Warper on Apr 8, 2024.
             Was the Champion of Cheibriados.
             Escaped with the Orb
             ... and 4 runes on Apr 9, 2024!
             The game lasted 02:11:45 (76456 turns).

EnegeticOcto the Coglin Aeon (Coglin Warper)       Turns: 76456, Time: 02:11:45

Health: 246/246    AC: 21    Str: 31    XL:     27
Magic:  37/37      EV: 48    Int: 29    God:    Cheibriados [******]
Gold:   6607       SH:  0    Dex: 48    Spells: 27/55 levels left

rFire   + + .        A - +7 demon blade (heavy) {Narong}
rCold   . . .        r - +5 demon blade (heavy) {Ari}
rNeg    . . .        B - +3 leather armour of the Serpent {rElec rPois rF++ Regen+}
rPois   +            k - +2 helmet {SInv}
rElec   +            Z - +2 cloak {rCorr}
rCorr   +            C - +2 pair of gloves
SInv    +            U - +2 pair of boots of Boirarph {^Drain rC+ Int+3 Dex+4}
Will    +++..        (amulet unavailable)
Stlth   ++           (ring unavailable)
HPRegen 1.41/turn    (ring unavailable)
MPRegen 0.25/turn    R - cryotungsten ramjet {rPois Will+ rCorr Clar RMsl}

%: repel missiles, clarity
@: studying 2 skills, very slow
A: off-hand wielding, slow wielding, warmup strikes, no jewellery, camouflage 1,
agile 1, clarity, low MP 1, robust 1, strong 1, evolution 1, cold vulnerability
1
0: Orb of Zot
}: 4/15 runes: serpentine, barnacled, silver, abyssal
a: Renounce Religion, Bend Time, Temporal Distortion, Slouch, Step From Time


You escaped.
You worshipped Cheibriados.
Cheibriados was exalted by your worship.
You visited 11 branches of the dungeon, and saw 51 of its levels.
You visited the Abyss 1 time.
You also visited: Trove and Gauntlet.

You collected 11228 gold pieces.
You spent 4621 gold pieces at shops.

Inventory:

Hand Weapons
 r - a +5 heavy demon blade (offhand) {Ari}
   (You took it off Frederick on level 3 of the Depths)
 A - a +7 heavy demon blade (weapon) {Narong}
   (You took it off Asterion on level 1 of the Snake Pit)
 Y - a +1 vampiric double sword {Joji}
   (You acquired it on level 3 of the Elven Halls)
Missiles
 a - 11 throwing nets {!f}
 d - 4 darts of dispersal
 J - 22 curare-tipped darts
Armour
 k - a +2 helmet of see invisible (worn)
   (You found it on level 5 of the Vaults)
 B - the +3 leather armour of the Serpent (worn) {rElec rPois rF++ Regen+}
   (You found it in a treasure trove)

   rF++:      It greatly protects you from fire.
   rElec:     It insulates you from electricity.
   rPois:     It protects you from poison.
   Regen+:    It increases your rate of health regeneration.
 C - a +2 pair of gloves (worn)
   (You found it on level 6 of the Dungeon)
 U - the +2 pair of boots of Boirarph (worn) {^Drain rC+ Int+3 Dex+4}
   (You acquired it on level 2 of the Orcish Mines)

   Int+3:     It affects your intelligence (+3).
   Dex+4:     It affects your dexterity (+4).
   rC+:       It protects you from cold.
   ^Drain:    It drains your maximum health when unequipped.
 Z - a +2 cloak of preservation (worn)
   (You found it on level 3 of the Elven Halls)
Gizmo
 R - a cryotungsten ramjet (installed) {rPois Will+ rCorr Clar RMsl}
   (You invented it yourself on level 9 of the Dungeon)

   [cryotungsten ramjet]

   rPois:     It protects you from poison.
   Will+:     It increases your willpower.
   Clar:      It protects you from confusion, rage, mesmerisation and fear.
   RMsl:      It protects you from missiles.
   rCorr:     It protects you from acid and corrosion.
Wands
 e - a wand of charming (44)
   (You found it on level 2 of the Dungeon)
 h - a wand of polymorph (21)
   (You found it on level 8 of the Dungeon)
 u - a wand of flame (65) {@v4}
   (You found it on level 5 of the Dungeon)
 G - a wand of acid (33) {@v1}
   (You found it on level 1 of the Lair of Beasts)
 K - a wand of digging (4) {@v3}
   (You found it on level 3 of the Lair of Beasts)
 N - a wand of mindburst (46)
   (You found it on level 3 of the Lair of Beasts)
 P - a wand of roots (43) {@v2}
   (You found it on level 5 of the Lair of Beasts)
Scrolls
 b - 11 scrolls of vulnerability
 c - 8 scrolls of blinking {@r4}
 i - 12 scrolls of poison {!r}
 m - 18 scrolls of teleportation {@r3 !r}
 p - 8 scrolls of revelation {@r5 !r}
 s - 3 scrolls of butterflies {!r}
 x - 12 scrolls of fear {!r}
 y - 38 scrolls of identify {@r1}
 H - 8 scrolls of immolation
 O - 5 scrolls of enchant armour
 V - 4 scrolls of silence {!r}
 W - 4 scrolls of torment
 X - 13 scrolls of fog {!r}
Potions
 f - 10 potions of heal wounds {@q2 !q}
 g - 3 potions of mutation
 j - 6 potions of cancellation
 o - 11 potions of enlightenment
 t - 20 potions of curing {@q1 !q}
 v - 5 potions of haste {@q4 !q}
 w - 6 potions of invisibility
 z - a potion of brilliance
 I - 10 potions of lignification {@q6}
 L - 6 potions of resistance
 M - 10 potions of might {@q3 !q}
 Q - 3 potions of berserk rage
 T - 10 potions of attraction
Miscellaneous
 n - a sack of spiders
   (You found it in a treasure trove)
 q - a condenser vane
   (You found it on level 10 of the Dungeon)
 E - a phial of floods
   (You found it on level 10 of the Dungeon)
 S - a box of beasts
   (You found it on level 11 of the Dungeon)


   Skills:
 - Level 20.1 Fighting
 - Level 16.0 Long Blades
 - Level 0.8 Throwing
 + Level 12.5 Armour
 - Level 20.0 Dodging
 - Level 3.0 Stealth
 + Level 14.7 Spellcasting
 - Level 18.1 Translocations
 - Level 5.0 Air Magic
 - Level 20.2 Invocations
 - Level 20.0 Evocations


You had 27 spell levels left.
You knew the following spells:

 Your Spells              Type           Power      Damage    Failure   Level
a - Maxwell's Portable P  Tloc           90%        2d(14-40) 0%          3
b - Vhi's Electric Charg  Tloc/Air       100%       N/A       1%          4
c - Manifold Assault      Tloc           45%        N/A       1%          7
d - Apportation           Tloc           100%       N/A       0%          1
e - Teleport Other        Tloc           90%        N/A       0%          3
f - Gell's Gavotte        Tloc           45%        2d(31-46) 1%          6
z - Lesser Beckoning      Tloc           100%       N/A       0%          2
Y - Blink                 Tloc           100%       N/A       0%          2

Your spell library contained the following spells:

 Spells                   Type           Power      Damage    Failure   Level
 Passage of Golubria      Tloc           90%        N/A       0%          4
 Shock                    Conj/Air       100%       1d9       1%          1
 Cigotuvi's Dreadful Rot  Necr/Alch/Air  62%        N/A       1%          2
 Mercury Vapours          Alch/Air       70%        N/A       1%          2
 Momentum Strike          Conj/Tloc      100%       3d10      1%          2
 Swiftness                Air            50%        N/A       1%          3
 Volatile Blastmotes      Fire/Tloc      100%       2d18      1%          3
 Dimensional Bullseye     Hex/Tloc       32%        N/A       1%          4
 Iskenderun's Mystic Bla  Conj/Tloc      65%        2d13      (+2d71%     4
 Dispersal                Tloc           45%        N/A       1%          6
 Foxfire                  Conj/Fire      84%        2x1d8     2%          1
 Freeze                   Ice            84%        1d9       2%          1
 Kiss of Death            Conj/Necr      84%        2d11      2%          1
 Magic Dart               Conj           84%        1d7       2%          1
 Necrotise                Necr           84%        1d8       2%          1
 Sandblast                Erth           42%        2d11      2%          1
 Slow                     Hex            84%        N/A       2%          1
 Sting                    Conj/Alch      84%        1d8       2%          1
 Summon Small Mammal      Summ           84%        N/A       2%          1
 Call Imp                 Summ           42%        N/A       3%          2
 Ensorcelled Hibernation  Hex/Ice        42%        N/A       3%          2
 Scorch                   Fire           42%        2d6       3%          2
 Searing Ray              Conj           42%        2d6       3%          2
 Sublimation of Blood     Necr           21%        N/A       3%          2
 Mephitic Cloud           Conj/Alch/Air  31%        N/A       3%          3
 Confusing Touch          Hex            21%        N/A       8%          3
 Dazzling Flash           Conj/Hex       42%        N/A       8%          3
 Fugue of the Fallen      Necr           21%        N/A       8%          3
 Inner Flame              Hex/Fire       21%        N/A       8%          3
 Ozocubu's Armour         Ice            21%        N/A       8%          3
 Passwall                 Erth           21%        N/A       8%          3
 Stone Arrow              Conj/Erth      42%        3d9       8%          3
 Summon Ice Beast         Ice/Summ       21%        N/A       8%          3
 Tukima's Dance           Hex            21%        N/A       8%          3
 Summon Lightning Spire   Summ/Air       35%        N/A       9%          4
 Disjunction              Tloc           45%        N/A       10%         8
 Anguish                  Hex/Necr       10%        N/A       24%         4
 Animate Armour           Summ/Erth      42%        N/A       24%         4
 Brom's Barrelling Bould  Conj/Erth      21%        2d4       24%         4
 Cause Fear               Hex            10%        N/A       24%         4
 Dispel Undead            Necr           21%        3d11      24%         4
 Flame Wave               Conj/Fire      21%        2d8       24%         4
 Fulminant Prism          Conj/Alch      10%        3d8       24%         4
 Ignite Poison            Fire/Alch      21%        N/A       24%         4
 Leda's Liquefaction      Alch/Erth      10%        N/A       24%         4
 Olgreb's Toxic Radiance  Alch           21%        N/A       24%         4
 Petrify                  Alch/Erth      21%        N/A       24%         4
 Sticky Flame             Fire/Alch      21%        2d6       24%         4
 Summon Blazeheart Golem  Fire/Summ      21%        N/A       24%         4
 Arcjolt                  Conj/Air       17%        1d27      24%         5
 Silence                  Hex/Air        17%        N/A       24%         5
 Freezing Cloud           Conj/Ice/Air   15%        6-21      34%         5
 Malign Gateway           Summ/Tloc      32%        N/A       45%         7
 Alistair's Intoxication  Alch           14%        N/A       56%         5
 Borgnjor's Vile Clutch   Necr/Erth      10%        N/A       56%         5
 Curse of Agony           Necr           21%        N/A       56%         5
 Fireball                 Conj/Fire      10%        3d6       56%         5
 Irradiate                Conj/Alch      10%        3d15      56%         5
 Lee's Rapid Deconstruct  Erth           10%        3d8*      56%         5
 Metabolic Englaciation   Hex/Ice        10%        N/A       56%         5
 Summon Mana Viper        Hex/Summ       21%        N/A       56%         5
 Conjure Ball Lightning   Conj/Air       17%        3x3d6     80%         6
 Plasma Beam              Fire/Air       17%        2x1d29    80%         6
 Eringya's Noxious Bog    Alch           10%        4d6       98%         6
 Permafrost Eruption      Ice/Erth       10%        2x4d3     98%         6
 Sculpt Simulacrum        Ice/Alch       10%        N/A       98%         6
 Starburst                Conj/Fire      10%        6d5       98%         6
 Summon Cactus Giant      Summ           10%        N/A       98%         6
 Enfeeble                 Hex            10%        N/A       100%        7
 Monstrous Menagerie      Summ           10%        N/A       100%        7
 Orb of Destruction       Conj           10%        9d6       100%        7
 Ozocubu's Refrigeration  Ice            10%        4d9       100%        7
 Spellforged Servitor     Conj/Summ      10%        N/A       100%        7
 Discord                  Hex            10%        N/A       100%        8
 Ignition                 Fire           10%        3d5       100%        8
 Lehudib's Crystal Spear  Conj/Erth      10%        10d4      100%        8
 Maxwell's Capacitive Co  Air            25%        ∞         100%        8
 Summon Horrible Things   Summ           10%        N/A       100%        8
 Chain Lightning          Conj/Air       17%        3d23      100%        9
 Dragon's Call            Summ           10%        N/A       100%        9
 Fire Storm               Conj/Fire      10%        8d3       100%        9
 Polar Vortex             Ice            10%        12d1*     100%        9
 Shatter                  Erth           10%        3d12*     100%        9


Dungeon Overview and Level Annotations

Branches:
Dungeon (15/15)            Temple (1/1) D:4            Lair (5/5) D:10
 Shoals (4/4) Lair:3        Snake (4/4) Lair:2        Slime (0/5) Lair:4
    Orc (2/2) D:12            Elf (3/3) Orc:2        Vaults (5/5) D:13
  Crypt (3/3) Vaults:3       Tomb (0/3) Crypt:3      Depths (4/4) D:15
    Zot (5/5) Depths:4    Gauntlet (visited)

Altars:
Ashenzari
Cheibriados
Dithmenos
Elyvilon
Fedhas
Gozag
Hepliaklqana
Kikubaaqudgha
Makhleb
Nemelex Xobeh
Okawaru
Qazlal
Ru
Sif Muna
Trog
Uskayaw
Vehumet
Wu Jian
Xom
Yredelemnul
Zin
The Shining One
Beogh
Jiyva

Shops:
D:3 *   D:9 (   D:12 *   Orc:2 ?=?(   Snake:1 (   Snake:2 :=:   Vaults:2 [
Vaults:4 (   Vaults:5 ??!?!   Depths:3 ?[[   Depths:4 (

Portals:
Hell: Depths:1 Depths:2 Depths:3 Depths:4
Abyss: Depths:1 Depths:3 Depths:4
Pandemonium: Orc:2 Depths:1 Depths:2
Ziggurat: Depths:2

Annotations:
D:10 exclusion: obsidian statue
D:14 1 runed translucent door, exclusion: door
Lair:3 1 runed translucent door, exclusion: door, Ifomeed's ghost, journeyman DsGl
Lair:5 exclusion: 3 doors
Orc:1 2 transporters, Haox's ghost, journeyman DjCj
Depths:2 2 transporters, Huzoalasm's ghost, veteran KoBr
Depths:3 2 transporters


Innate Abilities, Weirdness & Mutations

You can wield a second weapon in your off-hand.
It takes a long time for you to wield or remove held weapons.
Your first few attacks do less damage.
You cannot equip rings or amulets.
Your skin changes colour to match your surroundings (Stealth+).
You are agile. (Dex +4, Str/Int -1)
You possess an exceptional clarity of mind.
Your magical capacity is low. (-10% MP)
You are robust. (+10% HP)
Your muscles are strong. (Str +4, Int/Dex -1)
You have hidden genetic potential.
You are vulnerable to cold. (rC-)


Message History

There is a stone staircase leading up here.
You climb upwards.
Level annotation: exclusion: obsidian statue
There is a stone staircase leading down here.
Magic restored.
An Executioner and 3 large abominations come into view.
Unknown command.
Unknown command.
Casting: Vhi's Electric Charge (safe; 1% risk of failure)
Confirm with . or Enter, or press ? or * to list all spells.
Space momentarily warps into an impossible shape!
You slash the large abomination with your +7 heavy demon blade!
You slice the large abomination with your +5 heavy demon blade!!
You hit the large abomination but do no damage.
You hit the large abomination with your +5 heavy demon blade.
You chop the Executioner into pieces with your +7 heavy demon blade!!!
You chop the Executioner into pieces with your +5 heavy demon blade!!!
You kill the Executioner!
Cheibriados thoroughly appreciates the change of pace.
You slash the large abomination with your +7 heavy demon blade!
You hit the large abomination but do no damage.
Casting: Manifold Assault (mildly dangerous; 1% risk of failure)
Confirm with . or Enter, or press ? or * to list all spells.
Space momentarily warps into an impossible shape!
You hit the large abomination but do no damage.
You slice the large abomination with your +5 heavy demon blade!!
You chop the large abomination into pieces with your +7 heavy demon blade!!!
You destroy the large abomination!
Cheibriados appreciates the change of pace.
You cut the large abomination into ribbons with your +5 heavy demon blade!!!
You destroy the large abomination!
Cheibriados appreciates the change of pace.
You slice the large abomination with your +5 heavy demon blade!!
You destroy the large abomination!
Cheibriados appreciates the change of pace.
(D) Dungeon (T) Temple (L) Lair (A) Shoals (P) Snake Pit (M) Slime Pits (O) Orcish Mines (E) Elven Halls (V) Vaults (C) Crypt (W) Tomb (U) Depths (H) Hell (Z) Zot
Where to? (Tab/Enter - D:1 @ (x,y), ? - help)
You see here a +0 robe.
There is a stone staircase leading up here.
You climb upwards.
There is a stone staircase leading down here.
You see here a +0 long sword.
There is a stone staircase leading up here.
You climb upwards.
There is a stone staircase leading down here.
There is a stone staircase leading up here.
Magic restored.
You climb upwards.
There is a stone staircase leading down here.
There is a stone staircase leading up here.
You climb upwards.
There is a stone staircase leading down here.
There is a stone staircase leading up here.
You climb upwards.
There is a stone staircase leading down here.
You see here a +1 whip of freezing.
A tormentor comes into view.
Unknown command.
Unknown command.
Unknown command.
Unknown command.
Aiming: Vhi's Electric Charge (safe; 1% risk of failure)
Press: ? - help, Q - select action, (/) - cycle Shift-Dir - straight line, f - tormentor
Aim: a tormentor (86% to hit)
You charge forward with an electric crackle!
You carve the tormentor like a ham with your +5 heavy demon blade!!!
You kill the tormentor!
Cheibriados appreciates the change of pace.
(D) Dungeon (T) Temple (L) Lair (A) Shoals (P) Snake Pit (M) Slime Pits (O) Orcish Mines (E) Elven Halls (V) Vaults (C) Crypt (W) Tomb (U) Depths (H) Hell (Z) Zot
Where to? (Tab/Enter - D:1 @ (x,y), ? - help)
You see here a +1 whip of freezing.
There is a stone staircase leading up here.
You climb upwards.
There is a stone staircase leading down here.
Magic restored.
There is a stone staircase leading up here.
You climb upwards.
There is a stone staircase leading down here.
There is an escape hatch in the ceiling here.
Really go through this one-way escape hatch? [Y]es or [N]o only, please.
Really go through this one-way escape hatch?
A mysterious force pulls you upwards. The hatch slams shut behind you.
(D) Dungeon (T) Temple (L) Lair (A) Shoals (P) Snake Pit (M) Slime Pits (O) Orcish Mines (E) Elven Halls (V) Vaults (C) Crypt (W) Tomb (U) Depths (H) Hell (Z) Zot
Where to? (Tab/Enter - D:1 @ (x,y), ? - help)
There is a stone staircase leading up here.
You climb upwards.
There is a stone staircase leading down here.
There is a staircase leading out of the dungeon here.
Unknown command.
You have escaped!

#.....#######....## #.#
###......#........## ##.##
#.###..#.##......# ####...#
##.###..#.##......# #.....(#
#.........###.....### ##.##....
#..##..###....^.....####.......#
##..###..#.##..≈≈≈≈..[##.§.§§§≈..
........#..#..≈≈≈≈≈≈.....§§§§≈≈≈.
##..#####.....≈≈@>≈≈.....§§≈§≈≈≈.
#........###.≈≈≈≈.≈.....§§≈≈≈≈≈§
##..#########..≈≈≈≈..####..≈≈≈≈§.
.......# #........## ##...§..#
##..##.# #.##.....# #§§§.###
#.###.# #.###.#..## ##.#.##
##.###.#####.# #.#...####..#.#
...........#.# #.#...........#
##.#...###.#%# #.#...#.##..#.#


There were no monsters in sight!

Vanquished Creatures
  3 ancient liches
  Frederick (Depths:3)
  4 dread liches
  7 orbs of fire
  Sojobo (Depths:2)
  9 Killer Klowns
  Saint Roka (Vaults:1)
  8 golden dragons
  2 Brimstone Fiends
  2 electric golems (Zot:5)
  An Ice Fiend (Depths:4)
  7 tentacled monstrosities
  10 liches
  A walking crystal tome (Depths:1)
  26 Orb Guardians (Zot:5)
  2 walking divine tomes
  3 deep elf blademasters
  2 deep elf master archers (Elf:3)
  Asterion (Snake:1)
  4 quicksilver dragons
  8 titans
  A kraken (Shoals:1)
  6 sphinxes
  5 ancient champions
  Gastronok (Lair:2)
  2 Executioners
  3 death cobs
  10 shadow dragons
  12 tengu reavers
  Aizul (Lair:3)
  2 revenants (Crypt:2)
  2 tentacled starspawn (Abyss:3)
  9 nagarajas
  6 draconian monks
  A thorn hunter (Abyss:3)
  11 storm dragons
  9 draconian knights
  13 fire giants
  9 frost giants
  12 deep elf sorcerers
  6 draconian shifters
  22 vault wardens
  4 balrugs
  2 iron dragons
  2 draconian scorchers
  3 ghouls (Crypt:1)
  9 spriggan defenders
  2 deep elf elementalists (Elf:3)
  2 caustic shrike zombies
  A curse skull (Crypt:3)
  2 reapers
  3 draconian annihilators
  18 ironbound preservers
  2 angels
  2 draconian stormcallers (Zot:1)
  2 orc warlords
  17 very ugly things
  3 ironbound thunderhulks
  4 deep elf demonologists
  20 stone giants
  2 formless jellyfish
  14 black draconians
  10 green draconians
  8 vampire knights
  A lorocyproca (Depths:2)
  7 deep elf death magi
  12 white draconians
  7 deep elf annihilators
  10 yellow draconians
  Azrael (D:14)
  6 war gargoyles
  10 starcursed masses
  11 purple draconians
  7 red draconians
  Snorg (Lair:3)
  6 spark wasps
  An eidolon (Crypt:3)
  10 ettins
  5 blizzard demons
  12 fire dragons
  16 dire elephants
  16 jiangshi
  11 merfolk impalers
  9 ice dragons
  3 entropy weavers
  A crystal guardian (Abyss:3)
  Josephine (D:11)
  5 merfolk javelineers
  2 great orbs of eyes (Vaults:1)
  9 deep elf high priests
  11 yaktaur captains
  2 salamander tyrants
  5 hydras
  A fenstrider witch zombie (Crypt:2)
  44 vault guards
  5 ogre magi
  4 spriggan air magi
  Harold (D:10)
  4 catoblepae
  10 centaur warriors
  4 rakshasas
  10 ironbound frosthearts
  2 demonspawn (Orc:2)
  19 two-headed ogres
  Erica (D:8)
  12 anacondas
  5 death knights
  2 merfolk avatars
  3 boulder beetles
  A two-headed ogre (shapeshifter) (Vaults:5)
  An alligator snapping turtle (Shoals:3)
  8 tengu warriors
  5 death yaks
  10 merfolk aquamancers
  20 dancing weapons
  A titan zombie (Depths:1)
  2 deep troll shamans
  6 orc high priests
  2 thrashing horrors (Abyss:3)
  2 satyrs
  A fenstrider witch skeleton (Crypt:3)
  5 occultists
  5 vampire magi
  2 soul eaters
  20 naga warriors
  14 naga sharpshooters
  8 deep troll earth magi
  4 spriggans
  6 spriggan berserkers
  9 shock serpents
  Sonja (D:11)
  20 deep elf knights
  15 hell knights
  5 sun demons
  27 skeletal warriors
  A wretched star (Abyss:3)
  4 salamander mystics
  2 titan skeletons
  2 skysharks
  8 iron trolls
  A shadow wraith (Crypt:3)
  A bunyip zombie (Crypt:2)
  A deep troll (shapeshifter) (Vaults:5)
  A fire crab (Lair:4)
  15 deep elf archers
  9 sea snakes
  2 cherubim (Shoals:4)
  Lodul (D:11)
  7 glowing orange brains
  5 arcanists
  A mana viper (shapeshifter) (Elf:1)
  A swamp dragon (Abyss:3)
  6 mana vipers
  5 flayed ghosts
  51 deep trolls
  24 phantasmal warriors
  9 naga ritualists
  30 deep elf zephyrmancers
  32 harpies
  3 bog bodies (Crypt:1)
  7 lindwurms
  5 thermic dynamos
  11 ironbound convokers
  13 necromancers
  Pikel (D:7)
  16 orc knights
  48 ugly things
  23 deep elf pyromancers
  A fire giant zombie (Depths:1)
  2 frost giant zombies
  6 cyclopes
  10 orc sorcerers
  A tengu skeleton (Vaults:5)
  8 manticores
  15 salamanders
  13 elephants
  4 large abominations
  7 fauns
  17 moths of wrath
  A black mamba (shapeshifter) (Vaults:5)
  A cyclops (shapeshifter) (D:15)
  A worldbinder (Abyss:3)
  10 merfolk sirens
  An apocalypse crab (Abyss:3)
  A rust devil (Orc:2)
  3 centaur zombies (D:15)
  A water nymph (shapeshifter) (Vaults:5)
  11 water nymphs
  2 orange demons (Orc:2)
  28 black mambas
  A stone giant skeleton (Crypt:3)
  15 guardian serpents
  18 vault sentinels
  15 naga magi
  4 gargoyles (Crypt:3)
  4 smoke demons
  A yaktaur zombie (Vaults:5)
  4 dire elephant skeletons
  12 cane toads
  4 kobold demonologists
  2 rime drakes
  3 tormentors
  3 freezing wraiths
  3 hellions
  A bunyip simulacrum (Crypt:2)
  40 yaktaurs
  4 guardian mummies
  5 tengu conjurers
  2 spriggan skeletons
  5 komodo dragons
  An ancient zyme (Abyss:3)
  A purple draconian skeleton (Crypt:2)
  Psyche (D:10)
  A black draconian skeleton (Crypt:1)
  6 trolls
  4 polar bears
  23 merfolk
  2 yellow draconian skeletons
  A troll (shapeshifter) (D:15)
  6 human skeletons
  A hydra skeleton (Crypt:3)
  A harpy skeleton (Crypt:3)
  4 wind drakes
  A tarantella zombie (Crypt:1)
  4 hornets
  A raiju (Snake:4)
  3 blink frogs (Lair:1)
  7 dream sheep
  4 glass eyes
  7 snapping turtles
  2 vampires
  32 slime creatures
  A fire dragon skeleton (Crypt:2)
  A ynoxinul (Depths:2)
  16 water elementals
  An ettin skeleton (Depths:1)
  5 shadows
  17 wraiths
  3 wyverns
  An ice dragon skeleton (Crypt:1)
  5 air elementals
  A small abomination (Abyss:3)
  9 humans (D:13)
  A black mamba skeleton (Crypt:2)
  A steam dragon (Lair:1)
  4 fire elementals (D:14)
  3 wargs
  4 redbacks
  37 yaks
  4 basilisks
  6 vampire mosquitoes
  A neqoxec (Orc:2)
  A skyshark zombie (Crypt:1)
  An acid dragon (D:11)
  A spectral cane toad (Lair:5)
  5 hell hounds (D:14)
  59 nagas
  11 water moccasins
  A black bear (D:5)
  A glowing shapeshifter skeleton (Depths:1)
  2 ice beasts
  32 orc warriors
  A swamp dragon zombie (Crypt:1)
  9 laughing skulls
  23 ogres
  17 centaurs
  A swamp dragon skeleton (Crypt:2)
  16 wolves
  An elephant skeleton (Lair:5)
  4 boggarts (Vaults:4)
  A phantom (D:4)
  2 lemures (D:7)
  3 human zombies
  14 bullfrogs
  10 kobold brigands
  Blork the orc (D:5)
  A cyclops zombie (Crypt:2)
  2 earth elementals
  2 scorpions
  15 wights (D:7)
  12 killer bees
  8 howler monkeys
  A bombardier beetle (D:6)
  2 hounds (D:6)
  2 jellies
  22 orc priests
  6 iguanas
  A sleepcap (D:5)
  10 orc wizards
  5 mutant beasts (D:11)
  A hound zombie (Crypt:2)
  11 mummies
  7 gnolls
  5 adders
  A swamp drake skeleton (Crypt:1)
  A white imp (D:5)
  2 ufetubi (D:6)
  An adder skeleton (Crypt:2)
  An adder zombie (Crypt:1)
  An iguana skeleton (Crypt:1)
  2 dart slugs (D:4)
  67 orcs
  5 ball pythons
  4 endoplasms
  14 giant cockroaches
  3 goblins
  4 hobgoblins
  9 jackals
  2 quokkas
  6 bats
  3 frilled lizards
  37 kobolds
  7 rats (D:2)
  A lurking horror (Abyss:3)
  A spectral weapon (Elf:2)
  A starspawn tentacle (Abyss:3)
  8 tentacles (Shoals:1)
2284 creatures vanquished.

Vanquished Creatures (collateral kills)
  An orc warlord (Orc:2)
  A reaper (Zot:1)
  A sun demon (Zot:1)
  An obsidian bat (Orc:2)
  A warg (Orc:2)
  An iguana (D:5)
  A gnoll (D:8)
  5 orcs (Orc:2)
12 creatures vanquished.

Vanquished Creatures (others)
  A deep elf annihilator (Elf:3)
  A deep elf high priest (Elf:3)
  A deep troll earth mage (Depths:1)
  A necromancer (Lair:5)
  A harpy (Shoals:3)
  An elephant (Lair:5)
  A starcursed mass (Elf:3)
  A gnoll sergeant (D:8)
  An electric eel (shapeshifter) (Vaults:5)
  A gnoll (D:5)
  9 spectral weapons
  6 starspawn tentacles (Abyss:3)
  13 tentacles (Shoals:1)
38 creatures vanquished.

Grand Total: 2334 creatures vanquished

Notes
Turn   | Place    | Note
-------+----------+-------------------------------------------
     0 | D:1      | EnegeticOcto the Coglin Warper began the quest for the Orb.
     0 | D:1      | Reached XP level 1. HP: 16/16 MP: 3/3
   316 | D:1      | Reached skill level 1 in Stealth
   343 | D:1      | Reached XP level 2. HP: 22/22 MP: 4/4
   763 | D:2      | Reached skill level 2 in Stealth
   808 | D:2      | Reached XP level 3. HP: 22/27 MP: 5/5
   881 | D:2      | Learned a level 2 spell: Blink
   885 | D:2      | Learned a level 3 spell: Maxwell's Portable Piledriver
  1432 | D:3      | Found Qizxiq's Assorted Antiques.
  1436 | D:3      | Bought a scroll labelled UVORHUQUAR for 27 gold pieces
  1436 | D:3      | Bought a scroll labelled YQIREU MUOMYVA for 27 gold pieces
  1436 | D:3      | Bought a scroll labelled ACKUMU XU YQU for 27 gold pieces
  1436 | D:3      | Bought a white potion for 24 gold pieces
  1461 | D:3      | Found a white marble altar of Elyvilon.
  1480 | D:3      | Found a shimmering altar of Xom.
  1851 | D:3      | Found a faded altar of an unknown god.
  1901 | D:3      | Reached XP level 4. HP: 33/33 MP: 6/6
  2275 | D:4      | Reached skill level 3 in Long Blades
  2488 | D:4      | Noticed a phantom
  2533 | D:4      | Reached skill level 3 in Stealth
  2571 | D:4      | Found a staircase to the Ecumenical Temple.
  2577 | Temple   | Entered the Ecumenical Temple
  2585 | Temple   | Became a worshipper of Cheibriados the Contemplative
  2926 | D:4      | Reached XP level 5. HP: 38/38 MP: 7/7
  3038 | D:4      | Found a glowing golden altar of the Shining One.
  3043 | D:4      | Reached skill level 1 in Evocations
  3118 | D:5      | Entered Level 5 of the Dungeon
  3190 | D:5      | Noticed an ogre
  3190 | D:5      | Noticed an ice beast
  3191 | D:5      | Noticed Blork the orc
  3200 | D:5      | Killed an ogre
  3201 | D:5      | Reached skill level 4 in Long Blades
  3201 | D:5      | Reached skill level 2 in Evocations
  3204 | D:5      | Noticed a black bear
  3224 | D:5      | Killed a black bear
  3225 | D:5      | Reached skill level 5 in Long Blades
  3225 | D:5      | Reached XP level 6. HP: 21/44 MP: 8/8
  3229 | D:5      | Killed Blork the orc
  3511 | D:5      | Killed an ice beast
  3512 | D:5      | Reached skill level 6 in Long Blades
  3512 | D:5      | Reached XP level 7. HP: 45/50 MP: 9/9
  3888 | D:5      | Reached skill level 3 in Fighting
  3900 | D:5      | Got the Codex of Toxicants and Causimancy
  4052 | D:5      | Reached skill level 7 in Long Blades
  4274 | D:5      | Reached * piety under Cheibriados
  4436 | D:4      | Reached XP level 8. HP: 56/60 MP: 10/10
  4596 | D:6      | Reached skill level 4 in Fighting
  4990 | D:6      | Found an iron altar of Okawaru.
  5372 | D:6      | Reached skill level 5 in Fighting
  5385 | D:6      | Reached ** piety under Cheibriados
  5386 | D:6      | Reached skill level 8 in Long Blades
  6558 | D:7      | Reached skill level 6 in Fighting
  6558 | D:7      | Reached XP level 9. HP: 69/69 MP: 11/11
  6686 | D:7      | Reached skill level 2 in Dodging
  6818 | D:7      | Reached skill level 2 in Spellcasting
  6992 | D:7      | Reached skill level 9 in Long Blades
  7077 | D:7      | Reached skill level 3 in Evocations
  7208 | D:7      | Noticed Pikel
  7217 | D:7      | Killed Pikel
  7218 | D:7      | Reached skill level 3 in Dodging
  7218 | D:7      | Reached skill level 4 in Translocations
  7402 | D:7      | Reached skill level 4 in Evocations
  7403 | D:7      | Reached skill level 3 in Spellcasting
  7456 | D:7      | Reached *** piety under Cheibriados
  7457 | D:7      | Reached skill level 7 in Fighting
  7603 | D:7      | Found a shadowy altar of Dithmenos.
  7853 | D:8      | Reached XP level 10. HP: 77/79 MP: 14/14
  7985 | D:8      | Reached skill level 4 in Dodging
  8194 | D:8      | Reached skill level 5 in Translocations
  8282 | D:8      | Reached **** piety under Cheibriados
  8293 | D:8      | Found a sacrificial altar of Ru.
  8296 | D:8      | Found a burning altar of Makhleb.
  8300 | D:8      | Found an opulent altar of Gozag.
  8301 | D:8      | Found a basalt altar of Yredelemnul.
  8303 | D:8      | Found a glowing silver altar of Zin.
  8303 | D:8      | Found an ornate altar of the Wu Jian Council.
  8376 | D:8      | Found a hazy altar of Hepliaklqana.
  8378 | D:8      | Found a hide-covered altar of Uskayaw.
  8382 | D:8      | Found a broken altar of Ashenzari.
  8496 | D:8      | Noticed Erica
  9109 | D:8      | Killed Erica
  9110 | D:8      | Reached skill level 10 in Long Blades
  9110 | D:8      | Reached skill level 1 in Invocations
  9309 | D:9      | Noticed a two-headed ogre
  9431 | D:9      | Learned a level 4 spell: Vhi's Electric Charge
  9435 | D:9      | Learned a level 3 spell: Teleport Other
  9437 | D:9      | Learned a level 1 spell: Apportation
  9582 | D:9      | Reached skill level 5 in Evocations
  9645 | D:9      | Found Budwylai's Weapon Emporium.
  9926 | D:10     | Entered Level 10 of the Dungeon
  9943 | D:10     | Reached skill level 8 in Fighting
 10059 | D:10     | Reached skill level 1 in Air Magic
 10066 | D:10     | Reached skill level 2 in Invocations
 10072 | D:10     | Noticed Harold
 10134 | D:10     | Killed Harold
 10135 | D:10     | Reached skill level 5 in Dodging
 10135 | D:10     | Reached XP level 11. HP: 85/86 MP: 15/15
 10150 | D:10     | Found a staircase to the Lair.
 10171 | D:10     | Noticed a two-headed ogre
 10171 | D:10     | Noticed a two-headed ogre
 10304 | D:10     | Noticed an obsidian statue
 10392 | D:10     | Found a bloodstained altar of Trog.
 10502 | D:10     | Noticed Psyche
 10604 | Lair:1   | Entered Level 1 of the Lair of Beasts
 10604 | Lair:1   | Found a gate leading to a gauntlet.
 10610 | Lair:1   | Noticed a catoblepas
 10613 | Lair:1   | Reached skill level 2 in Air Magic
 10613 | Lair:1   | Reached skill level 6 in Evocations
 10616 | Gauntlet | Entered a Gauntlet
 10616 | Gauntlet | Found a transporter.
 10616 | Gauntlet | Found a transporter.
 10712 | Gauntlet | Found a transporter.
 10716 | Gauntlet | Found a transporter.
 10726 | Gauntlet | Noticed a catoblepas
 10727 | Gauntlet | Found a transporter.
 10728 | Gauntlet | Found a transporter.
 10730 | Gauntlet | Noticed a green death
 10736 | Gauntlet | Found a transporter.
 10749 | Gauntlet | Noticed a thrashing horror
 10752 | Gauntlet | Found a transporter.
 10766 | Gauntlet | Found a transporter.
 10770 | Gauntlet | Found a transporter.
 10778 | Gauntlet | Found a transporter.
 10782 | Gauntlet | Found a transporter.
 10903 | Gauntlet | Noticed an oklob plant
 11189 | Lair:1   | Reached skill level 3 in Invocations
 11242 | Lair:1   | Reached skill level 3 in Air Magic
 11643 | Lair:1   | Reached skill level 9 in Fighting
 11792 | Lair:1   | Reached skill level 11 in Long Blades
 11795 | Lair:1   | Reached skill level 4 in Invocations
 11883 | Lair:1   | Killed a catoblepas
 12546 | Lair:2   | Noticed a seven-headed hydra
 12552 | Lair:2   | Killed a two-headed hydra
 12553 | Lair:2   | Reached XP level 12. HP: 77/97 MP: 16/16
 12556 | Lair:2   | Reached skill level 5 in Invocations
 12558 | Lair:2   | Noticed an eight-headed hydra
 12700 | Lair:2   | Reached skill level 10 in Fighting
 12708 | Lair:2   | Killed a two-headed hydra
 12992 | Lair:2   | Reached ***** piety under Cheibriados
 12996 | Lair:2   | Reached skill level 12 in Long Blades
 13305 | Lair:2   | Found a staircase to the Snake Pit.
 13577 | Lair:2   | Noticed Gastronok
 13605 | Lair:2   | Killed Gastronok
 13606 | Lair:2   | Reached skill level 6 in Invocations
 13987 | Lair:3   | Found a runed translucent door.
 14170 | Lair:3   | Noticed Snorg
 14260 | Lair:3   | Reached skill level 11 in Fighting
 14683 | Lair:3   | Noticed Ifomeed's ghost (journeyman DsGl)
 14980 | Lair:4   | Found a staircase to the Slime Pits.
 14980 | Lair:4   | Found a viscous altar of Jiyva.
 15026 | Lair:4   | Noticed a death yak
 15038 | Lair:4   | Killed a death yak
 15043 | Lair:4   | Noticed a death yak
 15043 | Lair:4   | Noticed a death yak
 15048 | Lair:4   | Killed a death yak
 15053 | Lair:4   | Killed a death yak
 15054 | Lair:4   | Reached skill level 7 in Invocations
 15144 | Lair:4   | Reached XP level 13. HP: 106/106 MP: 18/18
 15260 | Lair:4   | Learned a level 2 spell: Lesser Beckoning
 15368 | Lair:4   | Identified the +1 hand axe of Reinforcement {freeze, *Noise
                  | rN+ Int+3}
 15543 | Lair:4   | Reached skill level 1 in Armour
 16084 | Lair:5   | Entered Level 5 of the Lair of Beasts
 16095 | Lair:5   | Reached skill level 13 in Long Blades
 16334 | Lair:5   | Reached skill level 2 in Armour
 16875 | Lair:5   | Reached ****** piety under Cheibriados
 16879 | Lair:5   | Reached skill level 6 in Dodging
 17090 | Lair:5   | Reached skill level 6 in Translocations
 17233 | Lair:5   | Noticed a dire elephant
 17234 | Lair:5   | Noticed a dire elephant
 17335 | Lair:5   | Noticed a dire elephant
 17342 | Lair:5   | Killed a dire elephant
 17343 | Lair:5   | Reached skill level 4 in Spellcasting
 17349 | Lair:5   | Reached skill level 3 in Armour
 17421 | Lair:5   | Reached skill level 12 in Fighting
 17421 | Lair:5   | Noticed a dire elephant
 17434 | Lair:5   | Killed a dire elephant
 17945 | D:10     | Reached XP level 14. HP: 109/115 MP: 20/20
 17949 | D:10     | Killed Psyche
 17950 | D:10     | Reached skill level 8 in Invocations
 18143 | D:9      | Reached skill level 4 in Armour
 18171 | D:9      | Found a blossoming altar of Fedhas.
 18265 | D:9      | Found a blossoming altar of Fedhas.
 18319 | D:9      | Acquired a cryotungsten ramjet {rPois Will+ rCorr Clar
                  | RMsl}
 18418 | D:11     | Identified the +5 mace of the Solstice {flame, Str+4 Int+3}
 18420 | D:11     | Noticed Josephine
 18424 | D:11     | Killed Josephine
 18610 | D:11     | Reached skill level 5 in Spellcasting
 18610 | D:11     | Reached skill level 7 in Translocations
 18794 | D:11     | Noticed Sonja
 18796 | D:11     | Killed Sonja
 19037 | D:11     | Noticed Lodul
 19040 | D:11     | Killed Lodul
 19462 | D:12     | Found a portal to a secret trove of treasure.
 19484 | D:12     | Found Syis's Neck Hole.
 19872 | D:12     | Found a staircase to the Orcish Mines.
 20079 | Orc:1    | Entered Level 1 of the Orcish Mines
 20346 | Orc:1    | Found a transporter.
 20347 | Orc:1    | Noticed Haox's ghost (journeyman DjCj)
 20614 | Orc:1    | Found a transporter.
 20790 | Orc:2    | Entered Level 2 of the Orcish Mines
 20975 | Orc:2    | Noticed an orc warlord
 20978 | Orc:2    | Reached skill level 7 in Evocations
 20982 | Orc:2    | Killed an orc warlord
 20983 | Orc:2    | Reached skill level 5 in Armour
 21024 | Orc:2    | Found a roughly hewn altar of Beogh.
 21276 | Orc:2    | Found a staircase to the Elven Halls.
 21350 | Orc:2    | Reached skill level 14 in Long Blades
 22132 | Orc:2    | Found Inoukk's Magic Scroll Boutique.
 22132 | Orc:2    | Found Ossax's Magic Scroll Shop.
 22192 | Orc:2    | Gained mutation: Your spells are a little harder to cast,
                  | but a little more powerful. [a neqoxec]
 22208 | Orc:2    | Reached skill level 8 in Translocations
 22213 | Orc:2    | Reached skill level 13 in Fighting
 22222 | Orc:2    | Reached skill level 6 in Spellcasting
 22222 | Orc:2    | Reached skill level 8 in Evocations
 22222 | Orc:2    | Reached XP level 15. HP: 123/123 MP: 22/24
 22579 | Orc:2    | Reached skill level 9 in Invocations
 22949 | Orc:2    | Bought a scroll of acquirement for 728 gold pieces
 22951 | Orc:2    | Bought a scroll of teleportation for 42 gold pieces
 23339 | Orc:2    | Found Goffonaq's Jewellery Shoppe.
 23339 | Orc:2    | Found a one-way gate leading to the halls of Pandemonium.
 23340 | Orc:2    | Found Ete Jeda's Antique Weapon Emporium.
 23526 | Orc:2    | Acquired the +2 pair of boots of Boirarph {^Drain rC+ Int+3
                  | Dex+4}
 23572 | Orc:2    | Bought a scroll of enchant weapon for 105 gold pieces
 23572 | Orc:2    | Bought 2 scrolls of silence for 266 gold pieces
 23575 | Orc:2    | Bought a scroll of enchant weapon for 105 gold pieces
 23991 | D:13     | Reached skill level 9 in Evocations
 24078 | D:13     | Found a gate to the Vaults.
 24623 | D:14     | Found a runed translucent door.
 24687 | D:14     | Noticed Azrael
 24690 | D:14     | Killed Azrael
 24691 | D:14     | Reached skill level 9 in Translocations
 24858 | D:14     | Reached skill level 7 in Spellcasting
 25411 | D:15     | Entered Level 15 of the Dungeon
 25522 | D:15     | Reached skill level 10 in Evocations
 25930 | D:15     | Reached XP level 16. HP: 132/132 MP: 27/27
 25949 | D:15     | Reached skill level 14 in Fighting
 25954 | D:15     | Reached skill level 10 in Invocations
 26095 | D:15     | Reached skill level 11 in Evocations
 26266 | D:15     | Reached skill level 8 in Spellcasting
 26293 | D:15     | Found a staircase to the Depths.
 26636 | Shoals:1 | Entered Level 1 of the Shoals
 26636 | Shoals:1 | Identified the serpent talisman of Hopscotch {Fly rElec}
 26636 | Shoals:1 | Noticed Aizul
 26636 | Shoals:1 | Noticed a kraken
 26660 | Lair:3   | Killed Aizul
 26690 | Lair:3   | Killed Snorg
 26843 | Shoals:1 | Killed a kraken
 27051 | Shoals:1 | Reached skill level 12 in Evocations
 27735 | Shoals:2 | Reached skill level 15 in Fighting
 27735 | Shoals:2 | Reached skill level 11 in Invocations
 28310 | Shoals:2 | Reached XP level 17. HP: 114/142 MP: 27/29
 28481 | Shoals:2 | Noticed a kraken
 29445 | Shoals:3 | Reached skill level 12 in Invocations
 29539 | Shoals:3 | Reached skill level 16 in Fighting
 29593 | Shoals:4 | Entered Level 4 of the Shoals
 29959 | Shoals:4 | Reached skill level 7 in Dodging
 30262 | Shoals:4 | Found a white marble altar of Elyvilon.
 30272 | Shoals:4 | Reached skill level 10 in Translocations
 30418 | Shoals:4 | Got the Excursus on Electricity and the Pyromaniac
 30495 | Shoals:4 | Found a glowing golden altar of the Shining One.
 30639 | Shoals:4 | Found a glowing silver altar of Zin.
 30676 | Shoals:4 | Identified the ring of Ifoilay {Fire Int+5 Dex-4}
 30869 | Shoals:4 | Got a barnacled rune of Zot
 31088 | Snake:1  | Entered Level 1 of the Snake Pit
 31184 | Snake:1  | Reached XP level 18. HP: 153/153 MP: 27/30
 31187 | Snake:1  | Reached skill level 8 in Dodging
 31691 | Snake:1  | Found Bonozace's Weapon Emporium.
 32007 | Snake:1  | Noticed Asterion
 32016 | Snake:1  | Killed Asterion
 32160 | Snake:1  | You fall into a shaft and drop 1 floor!
 32197 | Snake:2  | Reached skill level 11 in Translocations
 32824 | Snake:2  | Identified the +6 dagger of the Thirteen Prophets {elec,
                  | *Corrode rF+ rC+++ Dex-4}
 32880 | Snake:2  | Found Fyss's Book Emporium.
 32880 | Snake:2  | Found Robim's Jewellery Boutique.
 32881 | Snake:2  | Found Uqucoj's Book Emporium.
 32987 | Snake:2  | Reached skill level 17 in Fighting
 32987 | Snake:2  | Reached skill level 13 in Invocations
 33865 | Snake:3  | Reached skill level 9 in Dodging
 35349 | Snake:4  | Entered Level 4 of the Snake Pit
 35671 | Snake:4  | Identified the +8 quarterstaff of Courage {flame, ^Fragile
                  | rElec Str-2 SInv}
 35819 | Snake:4  | Reached skill level 12 in Translocations
 35874 | Snake:4  | Identified the +1 robe of the Cicada {rPois Regen+ rCorr}
 36067 | Snake:4  | Reached XP level 19. HP: 148/161 MP: 27/31
 36594 | Snake:4  | Reached skill level 10 in Dodging
 37762 | Snake:4  | Found an iron altar of Okawaru.
 37785 | Snake:4  | Got a serpentine rune of Zot
 38068 | Elf:1    | Entered Level 1 of the Elven Halls
 38380 | Elf:1    | Reached skill level 18 in Fighting
 38398 | Elf:1    | Paralysed by an air elemental for 1 turns
 38501 | Elf:1    | Reached skill level 14 in Invocations
 38513 | Elf:1    | Identified the +7 falchion "Uluacliv" {freeze, Int+2 SInv}
 38714 | Elf:1    | Reached skill level 13 in Translocations
 39389 | Elf:2    | Paralysed by an air elemental for 1 turns
 39613 | Elf:2    | Reached skill level 11 in Dodging
 39636 | Elf:2    | Found a huge runed translucent gate.
 39636 | Elf:2    | Found a huge runed translucent gate.
 39636 | Elf:2    | Found a huge runed translucent gate.
 39642 | Elf:2    | Found a huge runed translucent gate.
 39642 | Elf:2    | Found a huge runed translucent gate.
 39683 | Elf:2    | Learned a level 6 spell: Gell's Gavotte
 39693 | Elf:2    | Learned a level 7 spell: Manifold Assault
 39758 | Elf:2    | Identified the +0 hat of the Sun {+Blink rF++ Stlth-}
 40664 | Elf:2    | Reached XP level 20. HP: 160/172 MP: 11/32
 40933 | Elf:3    | Entered Level 3 of the Elven Halls
 41854 | Elf:3    | Acquired a +1 double sword of protection
 41932 | Elf:3    | Reached skill level 12 in Dodging
 42087 | Elf:3    | Reached skill level 19 in Fighting
 42335 | Elf:3    | Reached skill level 15 in Invocations
 42367 | Abyss:3  | Cast into level 3 of the Abyss (a deep elf sorcerer)
 42368 | Abyss:3  | Found a corrupted altar of Lugonu.
 42386 | Abyss:3  | Found a corrupted altar of Lugonu.
 42455 | Abyss:3  | Paralysed by accursed screaming for 1 turns
 42467 | Abyss:3  | Paralysed by accursed screaming for 1 turns
 42468 | Abyss:3  | Got an abyssal rune of Zot
 42470 | Elf:3    | Escaped the Abyss
 42725 | Elf:3    | Identified the ring of Wenu Gyr {^Drain rN+ MP+9 EV+5 SInv}
 42739 | Elf:3    | Identified the ring "Sann" {Str+5 SInv}
 42964 | Elf:3    | Reached skill level 13 in Dodging
 44176 | Elf:3    | Identified the +1 ring mail "Ded Nal" {rN+}
 44193 | Elf:3    | Got the Atlas of Feculent Doom
 44206 | Elf:3    | Identified the staff of the Breathing Asp {rElec rCorr
                  | Dex+3 Stlth+ Air Alchemy}
 44274 | Elf:3    | Got the Information on Gelid Fulmination
 44488 | D:12     | You showed the abyssal rune of Zot to enter a treasure
                  | trove
 44489 | Trove    | Entered a treasure trove
 44489 | Trove    | Found the +6 Majin-Bo {spellvamp, MP+6 Int+6}
 44500 | Trove    | Got the Compendium of Volatile Breath
 44516 | Trove    | Got the Spellbook of Scorching Kinetic Energy
 44525 | Trove    | Identified the +6 demon trident of Fury {pain, Str+3 Int+5}
 44539 | Trove    | Identified the +3 leather armour of the Serpent {rElec
                  | rPois rF++ Regen+}
 44868 | Vaults:1 | Entered Level 1 of the Vaults
 44915 | Vaults:1 | Reached XP level 21. HP: 182/182 MP: 19/33
 45238 | Vaults:1 | Noticed Saint Roka
 45244 | Vaults:1 | Killed Saint Roka
 45466 | Vaults:1 | You fall into a shaft and drop 1 floor!
 45795 | Vaults:2 | Reached skill level 6 in Armour
 46219 | Vaults:2 | Found Venaklen's Armour Shoppe.
 46285 | Vaults:2 | Reached skill level 13 in Evocations
 46286 | Vaults:2 | Reached skill level 20 in Fighting
 46775 | Vaults:2 | Reached skill level 4 in Air Magic
 47469 | Vaults:1 | Reached skill level 15 in Long Blades
 48022 | Vaults:1 | Acquired 550 gold pieces
 48067 | Vaults:3 | Reached skill level 14 in Evocations
 48412 | Vaults:3 | Reached skill level 7 in Armour
 48412 | Vaults:3 | Reached XP level 22. HP: 190/190 MP: 6/34
 48546 | Vaults:3 | Reached skill level 5 in Air Magic
 49238 | Vaults:3 | Reached skill level 14 in Dodging
 49460 | Vaults:3 | Found a staircase to the Crypt.
 49587 | Vaults:4 | Reached skill level 15 in Evocations
 50175 | Vaults:4 | Reached skill level 16 in Long Blades
 50272 | Vaults:4 | Found Zeju's Weapon Shop.
 50776 | Vaults:4 | Reached skill level 14 in Translocations
 51428 | Depths:1 | Entered Level 1 of the Depths
 51468 | Depths:1 | Reached skill level 8 in Armour
 51471 | Depths:1 | Reached skill level 16 in Evocations
 51578 | Depths:1 | Found a one-way gate to the infinite horrors of the Abyss.
 52285 | Depths:1 | Found a gateway to Hell.
 52370 | Depths:2 | Found a transporter.
 52371 | Depths:2 | Noticed a juggernaut
 52374 | Depths:2 | Noticed Huzoalasm's ghost (veteran KoBr)
 52386 | Depths:2 | Noticed a juggernaut
 52394 | Depths:2 | Found a bloodstained altar of Trog.
 52570 | Depths:2 | Reached skill level 17 in Evocations
 52714 | Depths:2 | Found a one-way gateway to a ziggurat.
 52714 | Depths:2 | Noticed an ancient lich
 53239 | Depths:2 | Identified the +1 ring mail "Kyused" {SInv}
 53281 | Depths:2 | Reached XP level 23. HP: 187/193 MP: 30/35
 53803 | Depths:2 | Killed an ancient lich
 53804 | Depths:2 | Reached skill level 18 in Evocations
 54088 | Depths:2 | Found a transporter.
 54287 | Depths:2 | Reached skill level 15 in Dodging
 54578 | Depths:1 | Reached skill level 9 in Spellcasting
 54744 | Depths:1 | Reached skill level 15 in Translocations
 54869 | Depths:3 | Noticed Sojobo
 54877 | Depths:2 | Killed Sojobo
 55178 | Depths:3 | Reached skill level 19 in Evocations
 55338 | Depths:3 | Identified the ring "Yhehas" {rElec rPois EV+5 Slay-5}
 55477 | Depths:3 | Found a transporter.
 55548 | Depths:3 | Noticed a golden dragon
 55551 | Depths:3 | Killed a golden dragon
 55715 | Depths:3 | Identified the ring "Noared" {rN++ Will+ Int+6}
 56028 | Depths:3 | Found a transporter.
 56028 | Depths:3 | Noticed a golden dragon
 56038 | Depths:3 | Killed a golden dragon
 56178 | Depths:3 | Identified the ring of Lady Luck {rPois Int+2 Dex+3}
 56273 | Depths:3 | Reached skill level 20 in Evocations
 56451 | Depths:3 | Found Gyvveitu's Antique Armour Emporium.
 56738 | Depths:3 | Reached skill level 10 in Spellcasting
 56886 | Depths:3 | Found Efauk's Antique Armour Emporium.
 56904 | Depths:3 | Bought a twisted scarf for 380 gold pieces
 56904 | Depths:3 | Identified the scarf of Izidghogh {rC+ rF+, Str+3} (You
                  | bought it in a shop on level 3 of the Depths)
 56928 | Depths:3 | You fall into a shaft and drop 1 floor!
 56928 | Depths:4 | Entered Level 4 of the Depths
 57203 | Depths:4 | Found Ixkim's Antique Weapon Boutique.
 57221 | Depths:4 | Noticed a golden dragon
 57236 | Depths:4 | Killed a golden dragon
 57258 | Depths:4 | Reached skill level 16 in Translocations
 57258 | Depths:4 | Reached XP level 24. HP: 204/204 MP: 14/37
 57379 | Depths:4 | Reached skill level 16 in Dodging
 57616 | Depths:4 | Found a gate to the Realm of Zot.
 57779 | Depths:4 | Identified the +8 great mace of Pain and Death {spect, rN++
                  | Str+5 Stlth-}
 58130 | Depths:4 | Reached skill level 11 in Spellcasting
 58272 | Depths:4 | Got Sif Muna's Incunable of Dusty Fire
 58323 | Depths:4 | Got Ciengelism's Lectures on the Rocks and Bewitchment
 58574 | Depths:3 | Identified the orb of Recklessness {light, rC+}
 58574 | Depths:3 | Noticed Frederick
 58582 | Depths:3 | Killed Frederick
 58845 | Depths:3 | Found Ipnuw's Magic Scroll Emporium.
 58857 | Depths:3 | Bought a scroll of teleportation for 69 gold pieces
 58857 | Depths:3 | Bought a scroll of teleportation for 69 gold pieces
 58857 | Depths:3 | Bought 2 scrolls of teleportation for 138 gold pieces
 60093 | Depths:1 | Reached skill level 17 in Dodging
 60201 | Depths:1 | Identified the +7 long sword of the Hurting Gods {elec,
                  | rElec rF+ rN++ Int+2}
 60281 | Depths:1 | Got Iptai's Grimoire of the Beguiling Nimbus
 60732 | Depths:1 | Reached skill level 12 in Spellcasting
 61216 | Vaults:5 | Entered Level 5 of the Vaults
 61227 | Vaults:5 | Paralysed by something for 3 turns
 61355 | Vaults:5 | Reached XP level 25. HP: 210/210 MP: 39/39
 61600 | Vaults:5 | Got a silver rune of Zot
 61756 | Vaults:5 | Reached skill level 17 in Translocations
 62026 | Vaults:5 | Identified the +2 chain mail of the Frog {rN+ Int+3 Dex-5}
 62058 | Vaults:5 | Reached skill level 16 in Invocations
 62469 | Vaults:5 | Reached skill level 18 in Dodging
 62593 | Vaults:5 | Noticed a dread lich
 62596 | Vaults:5 | Killed a dread lich
 63016 | Vaults:5 | Found Zomir's Distillery.
 63016 | Vaults:5 | Found Emuymyet's Distillery.
 63085 | Vaults:5 | Found Bintoissa's Magic Scroll Emporium.
 63085 | Vaults:5 | Found Jopnoxkea's Magic Scroll Boutique.
 63122 | Vaults:5 | Noticed a dread lich
 63160 | Vaults:5 | Killed a dread lich
 63347 | Vaults:5 | Found Latapekh's Distillery.
 63355 | Vaults:5 | Bought a scroll of blinking for 105 gold pieces
 63355 | Vaults:5 | Bought a scroll of teleportation for 42 gold pieces
 63369 | Vaults:5 | Bought a potion of might for 72 gold pieces
 63369 | Vaults:5 | Bought a potion of curing for 54 gold pieces
 63369 | Vaults:5 | Bought a potion of might for 72 gold pieces
 63369 | Vaults:5 | Bought a potion of heal wounds for 90 gold pieces
 63369 | Vaults:5 | Bought a potion of curing for 54 gold pieces
 63369 | Vaults:5 | Bought a potion of curing for 54 gold pieces
 63429 | Vaults:5 | Reached skill level 18 in Translocations
 63489 | Vaults:5 | Found Xazo's Magic Scroll Shoppe.
 63495 | Vaults:5 | Bought a scroll of teleportation for 57 gold pieces
 63538 | Vaults:5 | Noticed an ancient lich
 63541 | Vaults:5 | Killed an ancient lich
 63927 | Vaults:5 | Bought a potion of ambrosia for 144 gold pieces
 63927 | Vaults:5 | Bought a potion of heal wounds for 90 gold pieces
 63927 | Vaults:5 | Bought a potion of curing for 54 gold pieces
 63927 | Vaults:5 | Bought a potion of invisibility for 144 gold pieces
 63927 | Vaults:5 | Bought a potion of invisibility for 144 gold pieces
 63927 | Vaults:5 | Bought a potion of resistance for 180 gold pieces
 63927 | Vaults:5 | Bought a potion of might for 72 gold pieces
 63927 | Vaults:5 | Bought a potion of curing for 54 gold pieces
 63927 | Vaults:5 | Bought a potion of curing for 54 gold pieces
 63934 | Vaults:5 | Bought a potion of curing for 66 gold pieces
 63934 | Vaults:5 | Bought a potion of magic for 176 gold pieces
 63934 | Vaults:5 | Bought 2 potions of enlightenment for 220 gold pieces
 63934 | Vaults:5 | Bought a potion of invisibility for 176 gold pieces
 63934 | Vaults:5 | Bought a potion of mutation for 176 gold pieces
 63934 | Vaults:5 | Bought a potion of brilliance for 88 gold pieces
 63934 | Vaults:5 | Bought a potion of invisibility for 176 gold pieces
 63990 | Crypt:1  | Entered Level 1 of the Crypt
 64764 | Crypt:1  | Reached skill level 17 in Invocations
 64837 | Crypt:1  | Reached XP level 26. HP: 218/218 MP: 31/39
 66052 | Crypt:2  | Identified the +1 robe "Ongol" {rCorr Str+2}
 66314 | Crypt:2  | Reached skill level 19 in Dodging
 66526 | Crypt:1  | Found an ancient bone altar of Kikubaaqudgha.
 67197 | Crypt:3  | Entered Level 3 of the Crypt
 67571 | Crypt:3  | Reached skill level 18 in Invocations
 68027 | Crypt:3  | Found a staircase to the Tomb.
 68065 | Crypt:3  | Identified the ring "Doimo Niomne" {Int+4 Dex+6}
 68174 | Crypt:3  | Identified the +2 ice dragon scales of Beir {rF- rC++
                  | Regen+ rCorr}
 68887 | Crypt:3  | Found an ancient bone altar of Kikubaaqudgha.
 68933 | Crypt:3  | Noticed a dread lich
 68934 | Crypt:3  | Killed a dread lich
 69080 | Crypt:3  | Identified the staff "Hisior" {*Corrode rN+ SInv Summ Necro
                  | Air}
 69081 | Crypt:3  | Identified the +1 dagger of Bauthaul {drain, rElec rCorr
                  | Dex+3}
 69961 | Zot:1    | Entered Level 1 of the Realm of Zot
 70739 | Zot:1    | Reached skill level 19 in Invocations
 71047 | Zot:1    | Noticed an orb of fire
 71047 | Zot:1    | Gained mutation: You sometimes lose your temper in combat.
                  | [an orb of fire]
 71047 | Zot:1    | Gained mutation: You are vulnerable to cold. (rC-) [an orb
                  | of fire]
 71050 | Zot:1    | Gained mutation: You occasionally lose the ability to read
                  | scrolls when taking damage. [an orb of fire]
 71051 | Zot:1    | Gained mutation: You have an uncontrollable temper. [an orb
                  | of fire]
 71052 | Zot:1    | Killed an orb of fire
 71053 | Zot:1    | Lost mutation: You occasionally lose the ability to read
                  | scrolls when taking damage. [potion of mutation]
 71053 | Zot:1    | Lost mutation: Your spells are a little harder to cast, but
                  | a little more powerful. [potion of mutation]
 71053 | Zot:1    | Lost mutation: You have an uncontrollable temper. [potion
                  | of mutation]
 71053 | Zot:1    | Gained mutation: You expend magic power (3 MP) to
                  | strengthen your wands. [potion of mutation]
 71053 | Zot:1    | Gained mutation: You are strong-willed. (Will+) [potion of
                  | mutation]
 71053 | Zot:1    | Gained mutation: You are weak. (Str -2) [potion of
                  | mutation]
 71054 | Zot:1    | Lost mutation: You expend magic power (3 MP) to strengthen
                  | your wands. [potion of mutation]
 71054 | Zot:1    | Lost mutation: You are weak. (Str -2) [potion of mutation]
 71054 | Zot:1    | Gained mutation: You occasionally lose the ability to read
                  | scrolls when taking damage. [potion of mutation]
 71054 | Zot:1    | Gained mutation: You are agile. (Dex +4, Str/Int -1)
                  | [potion of mutation]
 71055 | Zot:1    | Lost mutation: You sometimes lose your temper in combat.
                  | [potion of mutation]
 71055 | Zot:1    | Lost mutation: You are strong-willed. (Will+) [potion of
                  | mutation]
 71055 | Zot:1    | Gained mutation: You are partially covered in iridescent
                  | scales. (AC +2) [potion of mutation]
 71055 | Zot:1    | Gained mutation: Your muscles are strong. (Str +4, Int/Dex
                  | -1) [potion of mutation]
 71056 | Zot:1    | Lost mutation: You occasionally lose the ability to read
                  | scrolls when taking damage. [potion of mutation]
 71056 | Zot:1    | Lost mutation: You are partially covered in iridescent
                  | scales. (AC +2) [potion of mutation]
 71056 | Zot:1    | Gained mutation: You are robust. (+10% HP) [potion of
                  | mutation]
 71056 | Zot:1    | Gained mutation: You have hidden genetic potential. [potion
                  | of mutation]
 71714 | Zot:1    | Reached XP level 27. HP: 246/246 MP: 31/39
 71723 | Zot:1    | Reached skill level 20 in Dodging
 71725 | Zot:1    | Noticed an orb of fire
 71725 | Zot:1    | Gained mutation: Your magical capacity is low. (-10% MP)
                  | [an orb of fire]
 71727 | Zot:1    | Killed an orb of fire
 72585 | Zot:3    | Reached skill level 20 in Invocations
 73378 | Zot:5    | Entered Level 5 of the Realm of Zot
 73575 | Zot:5    | Reached skill level 9 in Armour
 74682 | Zot:5    | Noticed an orb of fire
 74687 | Zot:5    | Killed an orb of fire
 74688 | Zot:5    | Reached skill level 13 in Spellcasting
 75271 | Zot:5    | Noticed an ancient lich
 75273 | Zot:5    | Reached skill level 10 in Armour
 75273 | Zot:5    | Killed an ancient lich
 75274 | Zot:5    | Noticed a dread lich
 75274 | Zot:5    | Paralysed by a dread lich for 5 turns
 75279 | Zot:5    | Killed a dread lich
 75285 | Zot:5    | Noticed an orb of fire
 75289 | Zot:5    | Killed an orb of fire
 75297 | Zot:5    | Noticed an orb of fire
 75298 | Zot:5    | Killed an orb of fire
 75299 | Zot:5    | Reached skill level 11 in Armour
 75306 | Zot:5    | Gained mutation: You possess an exceptional clarity of
                  | mind. [hidden potential]
 75357 | Zot:5    | Reached skill level 14 in Spellcasting
 75568 | Zot:5    | Noticed an orb of fire
 75642 | Zot:5    | Gained mutation: Your skin changes colour to match your
                  | surroundings (Stealth+). [an orb of fire]
 75643 | Zot:5    | Killed an orb of fire
 75644 | Zot:5    | Reached skill level 12 in Armour
 75933 | Zot:5    | Noticed an orb of fire
 75936 | Zot:5    | Killed an orb of fire
 75945 | Zot:5    | Got the Orb of Zot
 76456 | D:$      | Escaped with the Orb!

Illustrated notes

Levels and vault maps discovered:
D:1:      dpeg_arrival_pits, layout_loops_ring, minmay_tetromino_l2
D:2:      layout_rooms, minmay_rat_gold_closets
D:3:      minmay_roachtagon, layout_basic, elyvilon_altar_5,
          mainiacjoe_overflow_boulevard, ebering_ecumenical_altar_hall,
          serial_shops, nicolae_shop_trees
D:4:      layout_loops_corners, tso_altar, minmay_temple_entry_statues_pillars
D:5:      layout_loops_cross, eino_curves_03, minmay_misc_feat_tiny,
          chequers_serial_rivers_large_a, uniq_blork_the_orc
D:6:      layout_layer_cave, hellmonk_okawaru_the_only_friend_you_need,
          kennysheep_path_1
D:7:      layout_loops_ring, nicolae_dithmenos_through_a_glass_darkly,
          uniq_pikel
D:8:      layout_rooms, nicolae_overflow_hallway_of_the_gods, uniq_erica
D:9:      layout_basic, fedhas_altar_4, serial_shops,
          nicolae_shop_just_a_little_nook, minmay_ruined_shrine
D:10:     layout_cave_pools, trog_hazing_becter, lair_entry_dummy,
          minmay_protected_statue, uniq_harold, uniq_psyche
D:11:     layout_loops_ring, nicolae_beast_mode, uniq_sonja, uniq_josephine,
          uniq_lodul
D:12:     layout_basic, david_orc_3, enter_trove_0, grunt_ministairs_1,
          nicolae_shop_sticking_my_neck_out
D:13:     layout_roguey, ximxim_vaults_locker_room, minmay_unpleasant_kobolds
D:14:     layout_roguey, kennysheep_flooded_box, kennysheep_treasure_room,
          uniq_azrael
D:15:     hangedman_depths_entry_civil_slaughter, layout_loops_cross,
          ebering_dispersal_statue_hall, serial_undead, serial_undead_c,
          serial_undead_d, serial_undead_c, serial_undead_b
Temple:   hellmonk_temple_two_chambers
Lair:1:   layout_misc_corridors, gauntlet_entry_generic, grunt_megastairs_1
Lair:2:   layout_long_grid, nicolae_snake_entry_squirm, minivault_24,
          infiniplex_staircase_pool, grunt_megastairs_3, uniq_gastronok
Lair:3:   layout_cave_shapes, nicolae_shoals_entry_flooding,
          ebering_ghost_reflecting_pool, uniq_snorg
Lair:4:   layout_layer_cave, slime_entry_1, lemuel_fruit_tree
Lair:5:   due_jungle_book, layout_loops_ring
Shoals:1: layout_shoals, uniq_aizul
Shoals:2: layout_shoals, nicolae_shoals_sun_and_surf
Shoals:3: layout_shoals
Shoals:4: shoals_end_hellmonk_holy_island
Snake:1:  layout_basic, serial_shops, shop, serial_bayou_shore_b, uniq_asterion
Snake:2:  layout_grid_shapes, minmay_shop_grove, grunt_megastairs_4
Snake:3:  layout_chambers
Snake:4:  grunt_snake_rune_serpentine_throne, layout_rooms,
          beargit_elvish_explorers
Orc:1:    layout_diamond_mine, serial_shops, gammafunk_ghost_berserking_beasts
Orc:2:    pf_orc_diabolical, layout_caves, minmay_orc_temple_b
Elf:1:    eino_elf_arrival_customs, layout_geoelf_octagon,
          nicolae_elf_blasts_and_bolts
Elf:2:    elven_hall_of_blades_hangedman_alternative [mumra_blade_entry_dagger],
          layout_geoelf_octagon
Elf:3:    minmay_elf_hall_not_hex, layout_geoelf_diagonals
Vaults:1: nicolae_vaults_stairing_the_circle, v_pattern_2,
          nicolae_vaults_steering_wheel, v_misc_13,
          nicolae_vaults_trapezoid_layered, vaults_dpeg_ring,
          nicolae_vaults_meiosis, vaults_mumra_minichess_inversion,
          vaults_room_grunt_arrival_checkpoint, st_lines, v_misc_17,
          ontoclasm_vaults_loading_screen, layout_vaults_maze, uniq_saint_roka
Vaults:2: nicolae_vaults_closet_pinwheel_1,
          nicolae_vaults_offset_grid_hallway_3, vaults_dpeg_emergency_exit,
          v_misc_32, hangedman_vaults_restitches,
          nicolae_vaults_mini_display_case, nicolae_vaults_what_the_h,
          nicolae_vaults_offset_grid_hallway_1,
          nicolae_vaults_trapezoid_lopsided_1,
          nicolae_vaults_diagonal_hallway_9,
          nicolae_vaults_taking_the_gang_shopping, layout_vaults_chaotic_city
Vaults:3: nicolae_vaults_closet_pinwheel_3, nicolae_vaults_security_offices_4,
          minmay_crypt_entry_simple_box, ontoclasm_vaults_loading_screen,
          v_misc_4, vaults_mumra_hexcomb, nicolae_vaults_network_s,
          nicolae_vaults_little_squares_3, vaults_room_hallway, v_pattern_4,
          layout_vaults_ring
Vaults:4: nicolae_vaults_surprise_closet, hangedman_vaults_cutoff,
          nicolae_vaults_closet_pinwheel_3, nicolae_vaults_tangram_1,
          vaults_mumra_chevron_long, nicolae_vaults_diamond_2,
          grunt_vaults_hallway_short, nicolae_vaults_network_barrier,
          vaults_room_grunt_arrival_ludios, vaults_room_grid, vaults_dpeg_hooks,
          lightli_orcish_oven, nicolae_vaults_variable_pillar_hall,
          layout_vaults_omnicross, serial_shops, shop
Vaults:5
Crypt:1:  layout_regular_city, grunt_crypt_arrival_guarded_gate,
          lemuel_upstairs_altar
Crypt:2:  layout_gridlike, st_stairs_14
Crypt:3:  quadcrypt_mu
Depths:1: hangedman_grunt_twisty_little_passages, layout_honeycomb,
          rand_demon_pan_entry_5, nicolae_abyss_entry_one_way_or_another,
          grunt_hell_entry_dis_old, nemelex_xobeh_ov_fountains_minmay,
          serial_glass, glass_columns_b, glass_columns_a, glass_columns_b,
          glass_columns_a, glass_columns_a, glass_columns_b, glass_columns_a,
          glass_columns_a, glass_columns_a, glass_columns_b, glass_columns_b,
          glass_columns_b, glass_columns_a, corner_web_ring
Depths:2: minmay_the_grid_plus [minmay_the_grid_garden,
          minmay_the_grid_outer_diamond, minmay_the_grid_minigrid_medium,
          minmay_the_grid_tiny_cups, minmay_the_grid_prize_four_corners],
          layout_cave_shapes, enter_ziggurat_c, skrybe_limestone_x,
          gammafunk_ghost_wrathful_warriors, rand_demon_pan_entry_1, hell_entry
Depths:3: hangedman_spin_cycle, abyss_entry, hell_entry, uniq_sojobo,
          uniq_frederick
Depths:4: grunt_twist_and_shout, layout_cave_pools, abyss_entry_crystal,
          minmay_misc_feat_iff, serial_shops, shop, hangedman_coc_ice_floe,
          minmay_fire_ice_demons
Zot:1:    grunt_zot_stairs_mandelzot, layout_onion_interference,
          skrybe_zot_glass_3, uniq_josephina
Zot:2:    kennysheep_spiral_hall, layout_basic,
          regret_index_zotdec_slimy_original
Zot:3:    layout_gridlike, regret_index_zotdec_twisting_globes
Zot:4:    dreamdust_black_sun_cult, layout_cathedral_of_symmetry,
          regret_index_zotdec_plus, st_large_dragon_hoard_1
Zot:5:    layout_basic, grunt_ministairs_9

Skill      XL: |  1  2  3  4  5  6  7  8  9 10 11 12 13 14 15 16 17 18 19 20 21 22 23 24 25 26 27 |
---------------+----------------------------------------------------------------------------------+-----
Stealth        | 1 2 3 |  3.0
Long Blades    | 3 5 6 7 8 9 10 11 12 13 14 15 16 | 16.0
Evocations     | 2 4 5 6 8 10 12 14 17 20 | 20.0
Fighting       | 3 6 7 8 9 11 12 13 15 16 17 18 19 20 | 20.1
Dodging        | 3 5 6 7 9 11 13 14 15 17 18 19 20 | 20.0
Spellcasting   | 3 4 6 7 8 10 12 14 | 14.7
Translocations | 4 5 6 8 9 10 12 13 14 16 18 | 18.1
Invocations    | 2 4 7 8 9 11 12 13 14 15 17 19 20 | 20.2
Air Magic      | 1 3 4 5 |  5.0
Armour         | 3 5 7 8 12 | 12.5
Throwing       | |  0.8

Action                     |  1- 3 |  4- 6 |  7- 9 | 10-12 | 13-15 | 16-18 | 19-21 | 22-24 | 25-27 || total
---------------------------+-------+-------+-------+-------+-------+-------+-------+-------+-------++-------
  Melee: Falchion          |    91 |   119 |   229 |       |       |       |       |       |       ||   439
         Dagger            |     7 |       |       |       |       |       |       |       |       ||     7
         Short sword       |    79 |   115 |   193 |       |       |       |       |       |       ||   387
         Scimitar          |       |       |    55 |   462 |  1163 |  1309 |   504 |       |       ||  3493
         Long sword        |       |       |    13 |    53 |       |       |       |       |       ||    66
         Demon blade       |       |       |       |       |       |   246 |   792 |   985 |  1397 ||  3420
         Double sword      |       |       |       |       |       |       |   271 |   974 |   302 ||  1547
  Throw: Dart              |     4 |     9 |     4 |    12 |       |       |       |       |       ||    29
         Boomerang         |       |       |    27 |     4 |       |       |       |       |       ||    31
         Throwing net      |       |       |       |     3 |       |       |       |       |       ||     3
   Cast: Blink             |       |       |     2 |     2 |       |       |       |       |     1 ||     5
         Maxwell's Portabl |       |       |       |     4 |     1 |       |       |       |       ||     5
         Vhi's Electric Ch |       |       |       |    13 |    76 |    85 |   112 |    90 |    52 ||   428
         Apportation       |       |       |       |     8 |     3 |       |     1 |       |       ||    12
         Lesser Beckoning  |       |       |       |       |     7 |   112 |    43 |       |       ||   162
         Gell's Gavotte    |       |       |       |       |       |       |    15 |       |     1 ||    16
         Manifold Assault  |       |       |       |       |       |       |    12 |   184 |   267 ||   463
         Teleport Other    |       |       |       |       |       |       |     2 |       |       ||     2
 Invoke: Bend Time         |       |       |       |     2 |     1 |       |       |       |       ||     3
         Slouch            |       |       |       |     2 |     6 |     3 |     6 |     1 |       ||    18
         Temporal Distorti |       |       |       |       |     4 |       |       |       |       ||     4
Ability: Invent Gizmo      |       |       |       |       |     1 |       |       |       |       ||     1
  Evoke: Wand              |       |     3 |    12 |     5 |     2 |     3 |     2 |     4 |    12 ||    43
         Box of beasts     |       |       |       |       |     1 |       |       |       |       ||     1
         Phial of floods   |       |       |       |       |     1 |       |       |       |       ||     1
         Condenser vane    |       |       |       |       |       |       |     1 |       |       ||     1
    Use: Scroll            |     6 |     4 |     5 |    13 |    10 |     4 |    11 |     5 |     8 ||    66
         Potion            |     1 |     2 |     1 |     6 |       |     1 |     2 |     2 |    15 ||    30
   Stab: Sleeping          |     7 |     3 |     4 |     5 |     6 |     1 |     3 |     4 |       ||    33
         Invisible         |       |     9 |       |       |       |       |       |       |       ||     9
         Distracted        |       |       |     2 |       |     2 |    12 |    24 |     2 |     2 ||    44
         Held in net/web   |       |       |       |     3 |       |       |       |       |       ||     3
         Petrifying        |       |       |       |     1 |       |       |       |       |       ||     1
 Armour: Leather armour    |    40 |    88 |   159 |    72 |       |       |    90 |   234 |   164 ||   847
         Skin              |       |       |       |     1 |       |       |       |       |       ||     1
         Ring mail         |       |       |       |   127 |   248 |   171 |   177 |       |       ||   723
         Troll leather arm |       |       |       |       |    73 |   303 |     7 |       |       ||   383
  Dodge: Dodged            |    47 |    90 |   158 |   192 |   422 |   731 |   574 |   572 |   587 ||  3373
         Repelled          |       |       |       |       |    19 |    48 |    87 |    25 |    46 ||   225

Table legend: (Time is in decaauts)
 A = Elapsed time spent in this place.
 B = Non-inter-level travel time spent in this place.
 C = Inter-level travel time spent in this place.
 D = Time resting spent in this place.
 E = Time spent auto-exploring this place.
 F = Levels seen in this place.
 G = Mean time per level.
                   A        B        C        D        E       F      G
               +--------+--------+--------+--------+--------+-----+--------+
         Total | 107301 |  98071 |   9230 |  12149 |  70588 |  54 | 1987.1 |
       Dungeon |  22659 |  19910 |   2749 |   1370 |  15260 |  15 | 1510.6 |
        Temple |     16 |     10 |      6 |      0 |      0 |   1 |   16.0 |
          Lair |  10775 |   9839 |    936 |   1134 |   7275 |   5 | 2155.0 |
        Shoals |   6393 |   6026 |    367 |    780 |   3646 |   4 | 1598.2 |
     Snake Pit |   9856 |   9371 |    485 |   1119 |   7058 |   4 | 2464.0 |
  Orcish Mines |   5380 |   4803 |    577 |   1008 |   2982 |   2 | 2690.0 |
   Elven Halls |   8570 |   7978 |    592 |   2307 |   4486 |   3 | 2856.7 |
        Vaults |  14240 |  12707 |   1533 |    472 |  10291 |   5 | 2848.0 |
         Crypt |   7713 |   7356 |    357 |      3 |   6568 |   3 | 2571.0 |
        Depths |  13255 |  12080 |   1175 |   1056 |   9483 |   4 | 3313.8 |
           Zot |   7559 |   7110 |    449 |   2807 |   3370 |   5 | 1511.8 |
         Abyss |    116 |    116 |      0 |      0 |      0 |   1 |  116.0 |
         Trove |    141 |    141 |      0 |      0 |      0 |   1 |  141.0 |
      Gauntlet |    622 |    622 |      0 |     88 |    165 |   1 |  622.0 |
               +--------+--------+--------+--------+--------+-----+--------+

Top non-repeatable levels by time:
Depths:1: 4556 daAuts
   Elf:3: 4054 daAuts
   Orc:2: 3957 daAuts
Vaults:5: 3603 daAuts
 Crypt:3: 3557 daAuts
   Zot:5: 3256 daAuts
Depths:2: 3192 daAuts
   Zot:1: 3003 daAuts
Depths:3: 2963 daAuts
 Snake:4: 2904 daAuts
 Snake:3: 2829 daAuts
Vaults:2: 2745 daAuts
Vaults:4: 2674 daAuts
Vaults:1: 2614 daAuts
Vaults:3: 2601 daAuts

Table legend:
 A = Kills in this place as a percentage of kills in the entire game.
 B = Kills by you in this place as a percentage of kills by you in the entire game.
 C = Kills by friends in this place as a percentage of kills by friends in the entire game.
 D = Other kills in this place as a percentage of other kills in the entire game.
 E = Experience gained in this place as a percentage of experience gained in the entire game.
 F = Experience gained in this place divided by the number of levels of this place that you have seen.
                   A       B       C       D       E      F
               +-------+-------+-------+-------+-------+----------------------
         Total | 100.0 | 100.0 | 100.0 | 100.0 | 100.0 | 27271.2
       Dungeon |  17.4 |  17.3 |  16.7 |  25.0 |   5.5 | 5411.5
        Temple |   0.0 |   0.0 |   0.0 |   0.0 |   0.0 |   2.0
          Lair |   6.1 |   6.0 |   0.0 |  25.0 |   3.2 | 9341.6
        Shoals |   7.5 |   7.5 |   0.0 |  12.5 |   6.4 | 23594.5
     Snake Pit |   9.3 |   9.3 |   0.0 |   0.0 |   7.8 | 28541.8
  Orcish Mines |   5.9 |   5.6 |  66.7 |   0.0 |   1.9 | 13698.5
   Elven Halls |   6.9 |   6.9 |   0.0 |  25.0 |   8.0 | 39470.3
        Vaults |  16.4 |  16.6 |   0.0 |   0.0 |  20.6 | 60713.8
         Crypt |   8.5 |   8.5 |   0.0 |   0.0 |   8.4 | 41392.3
        Depths |  13.7 |  13.8 |   0.0 |  12.5 |  20.2 | 74220.0
           Zot |   7.4 |   7.4 |  16.7 |   0.0 |  17.1 | 50233.4
         Abyss |   1.0 |   1.0 |   0.0 |   0.0 |   1.0 | 14619.0
               +-------+-------+-------+-------+-------+----------------------
